 Dungeon Crawl Stone Soup version bcrawl-1.15.1 (webtiles) character file.

Game seed: 980586857025062102

437 Fv001 the Conjurer (level 7, -5/57 HPs)
             Began as a Sand Dwarf Conjurer on Oct 2, 2019.
             Was an Initiate of Vehumet.
             Killed by nerve-wracking pain
             ... invoked by Grinder
              (12 damage)
             ... on level 4 of the Dungeon on Oct 3, 2019.
             The game lasted 00:22:29 (5806 turns).

Fv001 the Conjurer (Sand Dwarf Conjurer)            Turns: 5806, Time: 00:22:30

Health: -5/57      AC: 11    Str: 14    XL:     7   Next: 1%
Magic:  2/11       EV: 12    Int: 16    God:    Vehumet [......]
Gold:   369        SH:  0    Dex: 11    Spells: 2/12 levels left

rFire    + . .     SeeInvis .   n - +0 long sword
rCold    + . .     Gourm    .   (shield restricted)
rNeg     . . .     Faith    .   b - +3 scale mail {rF+}
rPois    .         Spirit   .   (no helmet)
rElec    +         Reflect  .   (no cloak)
rCorr    .         Harm     .   (no gloves)
MR       .....                  (no boots)
Stlth    ..........             (no amulet)
HPRegen  0.19/turn              o - ring of protection from cold
MPRegen  0.12/turn              (no ring)

@: very slightly contaminated, invisible, slow
A: small, icy blue scales 1, electricity resistance, slowness 1, evolution 1,
armour attunement
a: Renounce Religion


You were on level 4 of the Dungeon.
You worshipped Vehumet.
Vehumet was noncommittal.
You were not hungry.

You visited 2 branches of the dungeon, and saw 5 of its levels.

You collected 369 gold pieces.

Inventory:

Hand Weapons
 a - a +1 rapier
 i - a +0 short sword
 n - a +0 long sword (weapon)
Armour
 b - a +3 scale mail of fire resistance (worn)
 g - a +0 chain mail
Jewellery
 o - a ring of protection from cold (left hand)
Wands
 h - a wand of random effects (6)
Scrolls
 l - 4 scrolls of remove curse
 q - a scroll of teleportation {unknown}
 s - a scroll of fear {unknown}
Potions
 e - a potion of ambrosia {unknown}
 f - 2 potions of flight
 r - a potion of brilliance {unknown}
 t - a potion of lignification {unknown}
Comestibles
 d - 5 rations {!d}


   Skills:
 + Level 3.1 Fighting
 + Level 1.5 Long Blades
 + Level 3.0 Armour
 + Level 2.7 Dodging
 - Level 1.5 Stealth
 + Level 3.2 Spellcasting
 + Level 3.3 Conjurations
 + Level 1.0 Hexes


You had 2 spell levels left.
You knew the following spells:

 Your Spells              Type           Power        Failure   Level  Hunger
a - Magic Dart            Conj           ##..         4%          1    None
b - Searing Ray           Conj           ##....       7%          2    ##.....
c - Iskenderun's Mystic   Conj           ##......     14%         3    ###....
d - Fulminant Prism       Conj/Hex       #.........   58%         4    ####...

Your spell library contained the following spells:

 Spells                   Type           Power        Failure   Level  Hunger
 Irradiate                Conj/Tmut      #.........   95%         5    ######.


Dungeon Overview and Level Annotations

Branches:
Dungeon (4/12)             Temple (1/1) D:4

Altars:
Ashenzari
Cheibriados
Dithmenos
Elyvilon
Gozag
Hepliaklqana
Kikubaaqudgha
Lugonu
Makhleb
Nemelex Xobeh
Okawaru
Qazlal
Ru
Sif Muna
Trog
Uskayaw
Vehumet
Wu Jian
Xom
Zin
The Shining One

Annotations:
D:4 Grinder


Innate Abilities, Weirdness & Mutations

You are small and have problems with some larger weapons.
You cover ground slowly.
Armour does not affect your spellcasting.
You are partially covered in icy blue scales. (AC +2)
You are resistant to electric shocks. (rElec)
You evolve.


Message History

The orc shouts!
Grinder gestures at you. Pain shoots through your body!
* * * LOW HITPOINT WARNING * * *
You hit Grinder.
Grinder is severely wounded.
The orc shouts!
You hear a shout!
Grinder gestures at you. Pain shoots through your body!
* * * LOW HITPOINT WARNING * * *
The orc throws a stone.
The stone misses Grinder.
The stone hits you but does no damage.
An orc comes into view. It is wielding a +0 whip.
As you read the scroll labeled HEMUMI ZELITWO, it crumbles to dust.
It is a scroll of enchant armour.
Your +2 scale mail of fire resistance glows green for a moment.
The orc shouts!
Grinder gestures at you. Pain shoots through your body!
You die...

..# #........>....>..#.........
..## #................##.##.##.#
...## ##.................. #.##.#
....## #..............#### #.#..#
.....####............# #.....
......###...........# ###....
.......###..........# ###......
...................# ##........
.........o..o..5@..## ##.........
.......###.......#..###..........
.......####.....####.#....)......
........##..#..## ##............
........##..#### #.............
.)......#..## ##.(...........
#...>......# #.............<
####.......# ##...........##
#####..## ####..........


You could see Grinder and 2 orcs.

Vanquished Creatures
  An ogre (D:4)
  A scorpion (D:4)
  A crimson imp (D:2)
  An orc priest (D:3)
  2 iguanas (D:3)
  Terence (D:1)
  4 gnolls
  5 adders
  3 worms (D:2)
  2 dart slugs (D:2)
  5 leopard geckos
  5 orcs
  A bat (D:2)
  A giant cockroach (D:3)
  4 goblins
  9 hobgoblins
  12 kobolds
  3 quokkas
  A ball python (D:3)
  11 frilled lizards (D:2)
  4 rats
77 creatures vanquished.

Vanquished Creatures (others)
  An adder (D:3)
1 creature vanquished.

Grand Total: 78 creatures vanquished

Notes
Turn   | Place    | Note
-------+----------+-------------------------------------------
     0 | D:1      | Fv001 the Sand Dwarf Conjurer began the quest for the Orb.
     0 | D:1      | Reached XP level 1. HP: 14/14 MP: 3/3
   436 | D:1      | Reached XP level 2. HP: 22/22 MP: 1/5
   464 | D:1      | Learned a level 2 spell: Searing Ray
  1127 | D:2      | Noticed a crimson imp
  1185 | D:2      | Reached skill level 1 in Fighting
  1185 | D:2      | Reached skill level 1 in Armour
  1351 | D:2      | Noticed Terence
  1391 | D:1      | Killed Terence
  1391 | D:1      | Reached XP level 3. HP: 8/28 MP: 1/6
  1623 | D:2      | Learned a level 3 spell: Iskenderun's Mystic Blast
  1942 | D:2      | Reached XP level 4. HP: 35/35 MP: 2/7
  2628 | D:2      | Reached XP level 5. HP: 41/41 MP: 5/8
  3616 | D:3      | Reached skill level 1 in Long Blades
  3881 | D:3      | Reached XP level 6. HP: 50/50 MP: 5/10
  3890 | D:3      | Learned a level 4 spell: Fulminant Prism
  5025 | D:4      | Noticed Grinder
  5047 | D:4      | Gained mutation: You evolve. [potion of mutation]
  5047 | D:4      | Gained mutation: You are partially covered in icy blue
                  | scales. (AC +2) [potion of mutation]
  5047 | D:4      | Gained mutation: You are resistant to electric shocks.
                  | (rElec) [potion of mutation]
  5347 | D:4      | Reached skill level 1 in Hexes
  5519 | D:4      | Reached XP level 7. HP: 57/57 MP: 7/11
  5602 | D:4      | Found a staircase to the Ecumenical Temple.
  5613 | Temple   | Entered the Ecumenical Temple
  5720 | Temple   | Became a worshipper of Vehumet
  5806 | D:4      | Killed from afar by Grinder

Skill      XL: |  1  2  3  4  5  6 |
---------------+-------------------+-----
Fighting       | 1 2 3 |  3.1
Armour         | 1 2 3 |  3.0
Dodging        | 2 |  2.7
Conjurations   | 3 |  3.3
Long Blades    | 1 |  1.5
Spellcasting   | 3 |  3.2
Hexes          | 1 |  1.0
Stealth        | |  1.5

Action                   |  1- 3 |  4- 6 |  7- 9 || total
-------------------------+-------+-------+-------++-------
Melee: Unarmed           |     4 |       |       ||     4
       Rapier            |    31 |    24 |       ||    55
       Short sword       |    11 |       |       ||    11
       Long sword        |       |   107 |    12 ||   119
 Cast: Magic Dart        |    25 |    14 |     2 ||    41
       Searing Ray       |    13 |    20 |     4 ||    37
       Iskenderun's Myst |       |    10 |     1 ||    11
Evoke: Wand              |       |       |     1 ||     1
  Use: Potion            |     2 |     5 |     1 ||     8
       Scroll            |     1 |     4 |     2 ||     7
 Stab: Invisible         |     1 |       |       ||     1
       Sleeping          |     1 |       |       ||     1
  Eat: Ration            |     1 |     1 |       ||     2
       Chunk             |     2 |    12 |       ||    14
Armor: Robe              |     2 |       |       ||     2
       Chain mail        |    11 |       |       ||    11
       Scale mail        |     2 |    73 |     3 ||    78
Dodge: Dodged            |    20 |   105 |     3 ||   128
